 Dungeon Crawl Stone Soup version 0.30-b1-2-g02819fbbbe (webtiles) character file.

Game seed: 5217164614067185266

3420 redmage the Destroyer (level 10, -4/62 HPs)
             Began as a Meteoran Earth Elementalist on July 26, 2023.
             Slain by an unseen horror (5 damage)
             ... on level 11 of the Dungeon.
             The game lasted 00:34:33 (2238 turns).

redmage the Destroyer (Meteoran Earth Elementalist) Turns: 2238, Time: 00:34:33

Health: -4/62      AC:  4    Str: 11    XL:     10   Next: 49%
Magic:  13/16      EV: 12    Int: 27    God:
Gold:   200        SH:  3    Dex: 14    Spells: 5/16 levels left

rFire   . . .        c - +1 dagger (protect)
rCold   + + .        i - +0 buckler {rC+}
rNeg    . . .        a - +0 robe
rPois   .            (helmet unavailable)
rElec   .            h - +0 cloak
rCorr   .            (no gloves)
SInv    .            g - +0 pair of boots
Will    +....        (no amulet)
Stlth   +            m - +6 ring of intelligence
HPRegen 0.30/turn    C - ring of protection from cold
MPRegen 0.15/turn

%: no passive effects
@: glowing
A: sense surroundings 2, otherworldly, glowing, explore regen, horns 3, frail 1
a: no special abilities


You were on level 11 of the Dungeon.
You visited 1 branch of the dungeon, and saw 11 of its levels.
You also visited: Sewer.

You collected 200 gold pieces.

Inventory:

Hand Weapons
 c - a +1 dagger of protection (weapon)
 u - a +3 long sword of freezing
Missiles
 q - 3 boomerangs
 s - 3 poisoned darts
Armour
 a - a +0 robe (worn)
 g - a +0 pair of boots (worn)
 h - a +0 cloak (worn)
 i - a +0 buckler of cold resistance (worn)
 r - a +0 ring mail of fire resistance
 B - a scarf of shadows
Jewellery
 m - a +6 ring of intelligence (left hand)
 C - a ring of protection from cold (right hand)
Wands
 w - a wand of charming (14)
Scrolls
 p - 3 scrolls of teleportation
 t - a scroll of torment {unknown}
 v - 2 scrolls of immolation
 y - a scroll of identify
 z - 2 scrolls of brand weapon
 A - 2 scrolls of vulnerability
Potions
 b - 2 potions of magic
 d - 4 potions of haste
 e - 2 potions of lignification
 f - 3 potions of curing
 j - 3 potions of brilliance
 k - a potion of mutation
 l - 2 potions of berserk rage
 n - a potion of attraction {unknown}
 o - 3 potions of might


   Skills:
 - Level 2.5 Dodging
 - Level 1.4 Stealth
 - Level 3.7 Spellcasting
 + Level 9.6 Conjurations
 - Level 2.8 Transmutations
 + Level 7.3 Ice Magic
 + Level 8.0 Air Magic
 - Level 7.1 Earth Magic


You had 5 spell levels left.
You knew the following spells:

 Your Spells              Type           Power      Damage    Failure   Level
a - Sandblast             Erth           86%        2d18      1%          1
b - Passwall              Tmut/Erth      25%        N/A       2%          2
c - Stone Arrow           Conj/Erth      100%       3d13      1%          3
d - Freezing Cloud        Conj/Ice/Air   25%        6-21      11%         5

Your spell library contained the following spells:

 Spells                   Type           Power      Damage    Failure   Level
 Freeze                   Ice            100%       1d10      1%          1
 Frozen Ramparts          Ice            88%        1d14      1%          3
 Hailstorm                Conj/Ice       50%        3d11      1%          3
 Cigotuvi's Dreadful Rot  Necr/Pois/Air  38%        N/A       6%          2
 Petrify                  Tmut/Erth      31%        N/A       16%         4
 Ignite Poison            Fire/Tmut/Pois 10%        N/A       24%         3
 Dispel Undead            Necr           5%         3d7       75%         4
 Death Channel            Necr           2%         N/A       100%        6


Dungeon Overview and Level Annotations

Branches:
Dungeon (11/15) Zot: 4378   Sewer (visited)
 Temple: D:4-7         Lair: D:8-11         Orc: D:9-12

Altars:
Ashenzari
Elyvilon
Hepliaklqana
Kikubaaqudgha
Nemelex Xobeh
Qazlal
Sif Muna

Shops:
D:4 *   D:7 =   D:8 [


Innate Abilities, Weirdness & Mutations

You passively map the area around you.
You are easily found by Zot.
You glow in the dark.
You regain HP and MP as you explore.
You have a pair of large horns on your head.
You are frail. (-10% HP)


Message History

Casting: Stone Arrow (safe; 1% risk of failure)
Confirm with . or Enter, or press ? or * to list all spells.
Aiming: Sandblast (safe; 1% risk of failure)
Press: ? - help, Shift-Dir - straight line, f - killer bee
Aim: a killer bee (69% to hit)
The blast of sand hits the killer bee!!
You kill the killer bee!
You feel sick.
Unknown command.
You feel sick.
You are no longer poisoned.
You see here a killer bee corpse.
Found a scroll labelled YNKEZABR NUOBAO.
Something hits you!
Deactivating autopickup; reactivate with Ctrl-A.
Something hits you.
You see here a scroll labelled YNKEZABR NUOBAO.
t - a scroll labelled YNKEZABR NUOBAO Something hits you!
Something hits you. Something hits you. Something hits you.
Something hits you but does no damage. Something hits you.
You see here a killer bee corpse.
Something hits you. Something hits you!
* * * LOW HITPOINT WARNING * * *
Something hits you.
* * * LOW HITPOINT WARNING * * *
You block something's attack. Something hits you but does no damage.
Something completely misses you. Something hits you but does no damage.
Something hits you but does no damage. Something hits you.
* * * LOW HITPOINT WARNING * * *
Something barely misses you. Something hits you!
* * * LOW HITPOINT WARNING * * *
Something hits you but does no damage. Something hits you.
You die...

.#........... ,, *, ,
#............ , ,
#............ , *
#...........# * * * ***
* #####..##### , ##.#
##########, * , #†##
#####........##
##.###..........<..# *
,,,
###.........@.......#
*,
###...................#
,* ,,
#.....................#
* ,,
#....................##
, ,, ,
##....................#
*
#....................##
, ,,,
#...................##
* #...................#
,, ,
##.................## ,


There were no monsters in sight!

Vanquished Creatures
  Pikel (D:6)
  4 yaks
  An acid dragon (D:11)
  Duvessa (D:5)
  Pargi (Sewer)
  4 black bears
  2 ice beasts
  A centaur (D:8)
  3 lemures (D:6)
  A kobold brigand (D:7)
  2 bullfrogs (D:7)
  A scorpion (D:7)
  4 wights
  Dowan (D:5)
  9 killer bees
  A hound (D:6)
  2 orc priests
  A sleepcap (D:4)
  An iguana (D:5)
  A gnoll bouda (D:6)
  3 orc wizards
  6 gnolls
  6 adders
  A white imp (D:7)
  A worm (D:2)
  A dart slug (D:4)
  12 orcs
  4 ball pythons
  2 endoplasms (D:1)
  5 giant cockroaches
  3 goblins
  A hobgoblin (D:4)
  3 kobolds
  5 quokkas
  A bat (D:3)
  6 frilled lizards
  2 rats (D:1)
104 creatures vanquished.

Vanquished Creatures (collateral kills)
  A yak (D:10)
1 creature vanquished.

Vanquished Creatures (others)
  A yak (D:10)
  13 plants (D:7)
14 creatures vanquished.

Grand Total: 119 creatures vanquished

Notes
Turn   | Place    | Note
-------+----------+-------------------------------------------
     0 | D:1      | redmage the Meteoran Earth Elementalist began the quest for
                  | the Orb.
     0 | D:1      | Reached XP level 1. HP: 14/14 MP: 5/5
    43 | D:1      | Reached XP level 2. HP: 20/20 MP: 4/6
    60 | D:1      | Reached XP level 3. HP: 26/26 MP: 1/8
    64 | D:1      | Learned a level 2 spell: Passwall
    68 | D:1      | Learned a level 3 spell: Stone Arrow
   157 | D:3      | Reached XP level 4. HP: 15/33 MP: 1/10
   233 | D:5      | Entered Level 5 of the Dungeon
   235 | D:5      | Reached skill level 5 in Earth Magic
   240 | D:5      | Reached XP level 5. HP: 38/38 MP: 9/11
   312 | D:6      | Noticed a black bear
   319 | D:6      | Killed a black bear
   320 | D:6      | Reached skill level 2 in Conjurations
   320 | D:6      | Reached XP level 6. HP: 45/45 MP: 2/12
   353 | D:6      | Noticed a black bear
   361 | D:6      | Killed a black bear
   362 | D:6      | Reached skill level 3 in Conjurations
   362 | D:6      | Noticed a black bear
   374 | D:6      | Killed a black bear
   375 | D:6      | Reached XP level 7. HP: 50/50 MP: 4/13
   400 | D:6      | Reached skill level 4 in Conjurations
   427 | D:6      | Learned a level 5 spell: Freezing Cloud
   432 | D:5      | Noticed Duvessa
   432 | D:5      | Noticed Dowan
   441 | D:6      | HP: 2/50 [gnoll/+0 halberd[a gnoll bouda] (12)]
   463 | D:6      | Found a glowing drain.
   479 | Sewer    | Entered a sewer
   496 | Sewer    | Noticed Pargi
   499 | Sewer    | Killed Pargi
   500 | Sewer    | Reached skill level 5 in Conjurations
   500 | Sewer    | Reached skill level 1 in Ice Magic
   500 | Sewer    | Reached skill level 1 in Air Magic
   500 | Sewer    | Reached XP level 8. HP: 44/57 MP: 0/14
   831 | D:7      | Found Hiarr's Jewellery Emporium.
   865 | D:7      | Found an ancient bone altar of Kikubaaqudgha.
   888 | D:7      | Reached skill level 6 in Conjurations
   986 | D:7      | Found a white marble altar of Elyvilon.
  1193 | D:6      | Gained mutation: You passively map the area around you.
                  | [Meteoran growth]
  1193 | D:6      | Reached XP level 9. HP: 59/59 MP: 11/15
  1230 | D:6      | Noticed Pikel
  1259 | D:6      | Killed Pikel
  1260 | D:6      | Reached skill level 7 in Conjurations
  1260 | D:6      | Reached skill level 5 in Air Magic
  1320 | D:6      | Reached skill level 5 in Ice Magic
  1467 | D:4      | Found a broken altar of Ashenzari.
  1689 | D:4      | Found Yhualam's Fire Supplies.
  1729 | D:4      | Found a shimmering blue altar of Sif Muna.
  1806 | D:4      | Gained mutation: You have a pair of small horns on your
                  | head. [potion of mutation]
  1806 | D:4      | Gained mutation: You are frail. (-10% HP) [potion of
                  | mutation]
  1806 | D:4      | Gained mutation: You have a pair of horns on your head.
                  | [potion of mutation]
  1806 | D:4      | Gained mutation: You have a pair of large horns on your
                  | head. [potion of mutation]
  1823 | D:5      | Killed Duvessa
  1826 | D:5      | Killed Dowan
  1860 | D:6      | Reached skill level 8 in Conjurations
  1958 | D:8      | Reached XP level 10. HP: 46/62 MP: 7/16
  1960 | D:8      | Found Ukhlofun's Armour Boutique.
  2031 | D:8      | Found a sparkling altar of Nemelex Xobeh.
  2031 | D:8      | Found a faded altar of an unknown god.
  2036 | D:8      | Found a hazy altar of Hepliaklqana.
  2038 | D:8      | Found a stormy altar of Qazlal.
  2039 | D:8      | Found a faded altar of an unknown god.
  2089 | D:10     | Entered Level 10 of the Dungeon
  2138 | D:10     | Reached skill level 9 in Conjurations
  2237 | D:11     | HP: 1/62 [something (10)]
  2238 | D:11     | Slain by an unseen horror

Illustrated notes

Levels and vault maps discovered:
D:1:      lightli_arrival_flooded_house, layout_loops_ring,
          chequers_ecumenical_altar_simple, st_stairs_11
D:2:      layout_loops_cross, minmay_domino_4
D:3:      layout_loops_ring, lemuel_round_altar, patterned_corridor,
          uniq_jessica
D:4:      layout_basic, evilmike_ruin_ashenzari, general_overflow_altar,
          chequers_garden, eino_curves_02, nicolae_shop_fire_sale
          [nicolae_sub_dead_trees]
D:5:      layout_basic, minmay_temple_entry_tees, uniq_duvessa,
          uniq_blork_the_orc, uniq_eustachio
D:6:      layout_gridville, portal_sewer_entry_f, glass_columns_c, uniq_pikel
D:7:      layout_basic, mainiacjoe_overflow_alcove_2,
          mainiacjoe_overflow_cross_hatched, serial_shops, shop
D:8:      layout_cave_pools, chequers_temple_overflow_minitemple,
          vehumet_statue, erik_lair_orcish_takeover, serial_shops,
          nicolae_shop_behind_doors
D:9:      layout_cave_pools, kennysheep_kite_vault
D:10:     layout_stronghold
D:11:     layout_cave_pods, serial_shops, nicolae_take_the_stairs, shop, shop,
          grunt_dithmenos_smoke_and_mirrors, uniq_sonja

Skill      XL: |  1  2  3  4  5  6  7  8  9 10 |
---------------+-------------------------------+-----
Spellcasting   | 3 |  3.7
Earth Magic    | 4 5 6 7 |  7.1
Transmutations | 2 |  2.8
Conjurations   | 2 3 5 6 8 9 |  9.6
Ice Magic      | 1 3 6 7 |  7.3
Air Magic      | 1 4 6 8 |  8.0
Dodging        | |  2.5
Stealth        | |  1.4

Action                     |  1- 3 |  4- 6 |  7- 9 | 10-12 || total
---------------------------+-------+-------+-------+-------++-------
  Melee: Dagger            |     1 |       |     3 |       ||     4
   Cast: Sandblast         |    22 |     6 |    83 |    28 ||   139
         Stone Arrow       |       |     8 |    38 |     9 ||    55
         Passwall          |       |     1 |    35 |     2 ||    38
  Evoke: Wand              |       |       |       |     1 ||     1
    Use: Scroll            |       |     6 |     1 |     4 ||    11
         Potion            |       |       |    11 |     1 ||    12
 Armour: Robe              |       |       |    10 |    16 ||    26
  Dodge: Dodged            |     5 |       |    26 |    28 ||    59
  Block: Buckler           |       |       |     7 |     3 ||    10
